Mourne, chaotic male human Priest --------------# |............|############## ..............# ----.---## --.--.--------## `##.....{..# ############# |......|# ### # |.....^|# # # -----+--# ### # ##@h# # # # # # # #### ### ### # ########### #----|------- # # # # # #..)........| ### ### #### # |..........| # --.--- ## ### |..........| ### |....| .. # # |..........| # |....+ ... ########### ------------ ##-....| -+-- # -.---|-- ------ |......| ....<..| -------- Mourne the Acolyte Experience level: 4 Strength: 13 Dexterity: 14 Constitution: 11 Intelligence: 9 Wisdom: 17 Charisma: 11 Health: 0(31) Energy: 47(47) Def: 9 Gold: 227 Moves: 1163 Dungeon seed: -UNZ5MxTTa6YFHH- Game ID: Mourne_1520525849 Your Inventory: Coins $ - 227 gold pieces Weapons a - a blessed +1 mace (weapon in hand) m - an uncursed +0 boomerang (in quiver) Armor e - an uncursed +0 robe (being worn) n - an uncursed +0 small shield (being worn) q - an uncursed +0 orcish helm (being worn) r - an uncursed +0 pair of leather gloves (being worn) y - a blessed +1 ring mail (being worn) Comestibles c - an uncursed clove of garlic d - an uncursed sprig of wolfsbane i - an uncursed lichen corpse s - an uncursed food ration Spellbooks f - a blessed spellbook of stone to flesh g - a blessed spellbook of remove curse Potions b - 4 potions of holy water Wands l - an uncursed wand of striking (0:6) t - an uncursed wand of magic missile (0:8) Tools h - an uncursed oil lamp (0:1028) o - an uncursed skeleton key p - an uncursed blindfold Spells and supernatural/magical abilities: Name Level Category Fail Memory W - pray for help -- divine ? -- X - turn undead -- divine ? -- Your skills at the end: Fighting Skills wands [Basic] Weapon Skills mace [Basic] Spellcasting Skills clerical spells [Basic] Final Attributes: You are dead. Vanquished creatures: a small mimic a little dog a hobgoblin a brown mold 5 jackals 2 foxes 2 goblins 4 grid bugs a lichen 3 newts 21 creatures vanquished. Voluntary challenges: You were an atheist. You used a wielded weapon 24 times, starting on turn 21. You were illiterate. You never genocided any monsters. You never polymorphed an object. You never changed form. You used no wishes. You never split a pudding. You never wrote Elbereth's name. You never violated your personal moral code. Dungeon overview: The Dungeons of Doom: levels 1 to 4 Level 1 a long staircase Level 2 a fountain, a sink Level 3 an armor shop Level 4 <- You were here a fountain History has recorded: On T:1 you entered the Dungeons of Doom to retrieve the Amulet of Yendor! On T:463 you reached level 2 of The Dungeons of Doom. On T:479 you advanced to experience level 2. On T:605 you reached level 3 of The Dungeons of Doom. On T:719 you advanced to experience level 3. On T:947 you reached level 4 of The Dungeons of Doom. On T:1105 you advanced to experience level 4. Score breakdown: Gold: 227 ( 8020 points) Experience: 4 levels ( 9649 points) Exploration: 4 levels ( 8.16%) ( 7500 points) Discoveries: 3 items ( 1.00%) ( 3000 points) Valuables value: (no points given unless you survive) Artifact value: 0 ( 0 points) Variety of kills: 10 monsters ( 2.63%) ( 4866 points) Turncount: 1163 turns ( 0 points) Survival: died (score multiplied by 80%) Total score: 26428 Latest messages: You miss the hobgoblin. The kitten misses the hobgoblin. (2x) You kill the hobgoblin! Welcome to experience level 4. The door resists! (2x) The door opens. You stop exploring. The bottle crashes on your head and breaks into shards. It suddenly gets dark. A cloud of darkness falls upon you. It must be a potion of blindness. Wait! There's something there you can't see! There's still a monster there. You can see again. The dwarf swings his broad pick at you. The dwarf hits! You miss the dwarf. You hit the dwarf! The dwarf swings his broad pick at you. The dwarf hits! You die... For some reason, you think that you can almost hear the Wizard laugh manically... Final status: Goodbye Mourne the Priest, killed by a dwarf... You died in The Dungeons of Doom on dungeon level 4 with 26428 points, and 227 pieces of gold, after 1163 moves. You were level 4 with a maximum of 31 hit points when you died.